AoeStats
← [YOBA] ♂️CUM♂️BACK

Oasis

510186930Analyzed
2v2 RM · 4d ago on Sep 29, 2026· 39m 31s· 4 players
Game mode
Random Map
Map size
Medium (4 player)
Population
200
Speed
Normal
Resources
Standard
Victory
Conquest
Starting age
Dark Age
Ending age
Imperial Age
RankedLock teamsTeams togetherTeam positionsShared explorationLock speedFull tech treeHidden civsTurbo modeCheats
Victory
Defeat
🇹🇷 Ethiopians · Türkiye
1304
+14
🇸🇰 Persians · Slovakia
1300
+14
🇷🇺 Mongols · Russia
1259
-14
1258
-14
Bir durumu var
7:44 Loom
10:23 Feudal Age
11:05 Double-Bit Axe
13:31 Wheelbarrow
13:29 Fletching
15:13 Horse Collar
21:59 Castle Age
20:40 Padded Archer Armor
22:56 Bow Saw
22:18 Crossbowman
22:57 Bodkin Arrow
23:39 Town Watch
25:49 Ballistics
29:01 Hand Cart
29:22 Hand Cart
31:16 Scale Mail Armor
31:27 Forging
35:14 Imperial Age
34:48 Chain Mail Armor
34:44 Forging
35:04 Leather Archer Armor
35:52 Leather Archer Armor
35:48 Squires
35:33 Arson
35:17 Arbalester
36:42 Bracer
36:41 Capped Ram
38:18 Conscription
38:33 Plate Mail Armor
ajja13849
6:23 Loom
8:45 Feudal Age
9:13 Double-Bit Axe
9:19 Horse Collar
18:35 Castle Age
18:03 Scale Barding Armor
18:12 Forging
18:10 Scale Barding Armor
19:24 Bow Saw
20:01 Iron Casting
23:37 Wheelbarrow
25:30 Chain Barding Armor
26:51 Fletching
28:09 Bloodlines
28:00 Husbandry
28:16 Heavy Plow
29:17 Hand Cart
28:49 Town Watch
33:45 Imperial Age
33:35 Gold Mining
33:38 Stone Mining
33:24 Cavalier
35:00 Gold Shaft Mining
36:27 Chemistry
38:15 Plate Barding Armor
38:13 Masonry
37:27 Savar
38:44 Conscription
39:52 Blast Furnace
39:07 Bodkin Arrow
39:12 Padded Archer Armor
39:38 Ballistics
[YOBA] ♂️CUM♂️BACK
0:40 Loom
11:14 Feudal Age
11:37 Horse Collar
11:44 Double-Bit Axe
17:00 Stone Mining
19:41 Castle Age
20:40 Gold Mining
21:05 Bow Saw
21:00 Heavy Plow
21:14 Fletching
23:25 Pikeman
24:58 Squires
29:19 Bodkin Arrow
30:42 Scale Mail Armor
32:33 Forging
33:53 Wheelbarrow
33:05 Town Watch
38:38 Imperial Age
36:57 Hand Cart
37:12 Chain Mail Armor
37:49 Anarchy
38:48 Iron Casting
[YOBA]Ermak
2:04 Loom
11:03 Feudal Age
11:43 Double-Bit Axe
11:40 Horse Collar
21:28 Castle Age
19:56 Stone Mining
20:32 Gold Mining
20:36 Fletching
20:46 Padded Archer Armor
21:28 Scale Barding Armor
22:05 Bodkin Arrow
22:51 Stone Shaft Mining
22:52 Heavy Plow
24:26 Husbandry
25:12 Bloodlines
26:38 Chain Barding Armor
26:34 Forging
28:46 Wheelbarrow
30:33 Gold Shaft Mining
33:36 Leather Archer Armor
37:05 Fortified Wall
37:02 Pikeman
Connection lost

Rejoining the realm…

Still unreachable

The connection could not be restored.

Session expired

The server has moved on; the page needs a fresh start.